[ AOE2 MATCH · #513654541 ]
UnrankedMongols vs Civ #60
Player's team · LOSS
Rival team · WIN
[ REPLAY ANALYSIS · EXTRACTED FROM THE RECORDED GAME ]
Feudal
8:50
Castle
26:33
Imperial
—
| APM avg | 68.0 |
| APM peak | 110 |
| eAPM avg | 29.8 |
| Villagers / military | 48 / 43 |
Focus
⚔️ 34.4% · 🌾 65.6%
Skirmisher ×33 · Archer ×5 · Knight ×4 · Spearman ×1
Feudal
11:12
Castle
26:39
Imperial
—
| APM avg | 66.1 |
| APM peak | 100 |
| eAPM avg | 27.6 |
| Villagers / military | 65 / 58 |
Focus
⚔️ 48.4% · 🌾 51.6%
Archer ×24 · Skirmisher ×18 · Militia ×11 · Scout Cavalry ×3 · Ballestero montado ×2
Match map
Initial resources + every placement click. Lines = walls · curves = elevation contours. ◆ gold · ⬟ stone · ● berries · ✦ relic · ◌ wall gap
Your base· Open — 5t gap
DS_Champi WarrioR's base· Open — unwalled flank
Smoothed initial terrain · ◌ = detected wall gap · hover for details
Inputs per minute
— [LW] Faneth - - DS_Champi WarrioR
Build order — [LW] Faneth
First 150 of 169 actions detected
| 0:00 | Queue | Villager (Male) |
| 0:02 | Build | House |
| 0:02 | Queue | Villager (Male) |
| 0:03 | Build | House |
| 0:04 | Queue | Villager (Male) |
| 0:14 | Queue | Villager (Male) |
| 0:14 | Queue | Villager (Male) |
| 1:25 | Queue | Villager (Male) |
| 1:55 | Build | Lumber Camp |
| 1:58 | Queue | Villager (Male) |
| 2:25 | Queue | Villager (Male) |
| 2:54 | Queue | Villager (Male) |
| 3:13 | Queue | Villager (Male) |
| 3:29 | Queue | Villager (Male) |
| 3:37 | Queue | Villager (Male) |
| 3:43 | Build | House |
| 4:17 | Build | Mill |
| 4:31 | Queue | Villager (Male) |
| 4:50 | Queue | Villager (Male) |
| 4:56 | Queue | Villager (Male) |
| 5:33 | Research | Loom |
| 6:11 | Queue | Villager (Male) |
| 6:19 | Build | Lumber Camp |
| 6:30 | Research | Feudal Age |
| 6:40 | Build | Palisade Wall |
| 6:41 | Build | Palisade Wall |
| 6:43 | Build | House |
| 6:58 | Queue | Villager (Male) |
| 7:30 | Build | Palisade Wall |
| 7:32 | Build | Palisade Wall |
| 8:00 | Build | Mining Camp |
| 8:07 | Build | Palisade Wall |
| 8:15 | Build | Palisade Wall |
| 8:17 | Build | Palisade Wall |
| 8:22 | Build | House |
| 8:23 | Build | Palisade Wall |
| 8:31 | Build | House |
| 8:33 | Build | Palisade Wall |
| 8:34 | Build | Palisade Wall |
| 8:50 | Age | Feudal Age |
| 8:59 | Research | Double-Bit Axe |
| 9:40 | Queue | Villager (Male) |
| 10:02 | Build | Barracks |
| 10:03 | Queue | Villager (Male) |
| 10:15 | Build | Palisade Wall |
| 10:16 | Build | Palisade Wall |
| 10:23 | Build | Palisade Wall |
| 10:28 | Queue | Villager (Male) |
| 10:46 | Queue | Villager (Male) |
| 10:58 | Build | Archery Range |
| 11:12 | Queue | Spearman |
| 11:18 | Queue | Villager (Male) |
| 11:31 | Queue | Villager (Male) |
| 11:37 | Build | Watch Tower |
| 11:43 | Queue | Villager (Male) |
| 11:44 | Queue | Archer |
| 11:45 | Queue | Archer |
| 11:45 | Queue | Villager (Male) |
| 11:48 | Build | House |
| 12:00 | Queue | Skirmisher |
| 12:00 | Queue | Skirmisher |
| 12:14 | Queue | Archer |
| 12:14 | Queue | Villager (Male) |
| 12:23 | Build | Watch Tower |
| 12:26 | Build | House |
| 12:29 | Build | Palisade Wall |
| 12:37 | Build | Palisade Wall |
| 12:40 | Build | House |
| 12:42 | Queue | Archer |
| 12:42 | Queue | Villager (Male) |
| 13:07 | Queue | Skirmisher |
| 13:16 | Build | Farm |
| 13:33 | Queue | Skirmisher |
| 13:43 | Build | Farm |
| 13:45 | Build | Farm |
| 13:46 | Queue | Skirmisher |
| 13:50 | Build | Farm |
| 13:59 | Build | Palisade Wall |
| 14:03 | Queue | Skirmisher |
| 14:05 | Build | Farm |
| 14:07 | Build | Farm |
| 14:10 | Queue | Skirmisher |
| 14:13 | Queue | Villager (Male) |
| 14:21 | Queue | Villager (Male) |
| 14:35 | Build | House |
| 14:44 | Queue | Archer |
| 14:48 | Queue | Skirmisher |
| 14:48 | Queue | Villager (Male) |
| 15:00 | Queue | Skirmisher |
| 15:05 | Build | Blacksmith |
| 15:22 | Queue | Skirmisher |
| 15:25 | Build | Farm |
| 15:32 | Queue | Skirmisher |
| 15:35 | Build | Lumber Camp |
| 15:54 | Research | Fletching |
| 15:54 | Queue | Villager (Male) |
| 16:21 | Queue | Villager (Male) |
| 16:47 | Queue | Skirmisher |
| 16:49 | Queue | Villager (Male) |
| 17:07 | Queue | Skirmisher |
| 17:08 | Build | Farm |
| 17:26 | Queue | Skirmisher |
| 17:40 | Queue | Villager (Male) |
| 17:49 | Queue | Skirmisher |
| 18:10 | Queue | Skirmisher |
| 18:12 | Build | Farm |
| 18:16 | Queue | Villager (Male) |
| 18:17 | Build | Farm |
| 18:19 | Build | Farm |
| 18:21 | Build | Mill |
| 18:22 | Build | Farm |
| 18:22 | Build | Farm |
| 18:22 | Build | Farm |
| 18:23 | Build | Farm |
| 18:23 | Build | Farm |
| 18:23 | Build | Farm |
| 18:23 | Build | Farm |
| 18:23 | Build | Farm |
| 18:36 | Queue | Skirmisher |
| 18:40 | Queue | Villager (Male) |
| 18:51 | Build | Farm |
| 18:57 | Build | House |
| 19:04 | Build | Farm |
| 19:42 | Queue | Skirmisher |
| 19:49 | Queue | Villager (Male) |
| 19:58 | Queue | Skirmisher |
| 20:04 | Queue | Villager (Male) |
| 20:09 | Build | House |
| 20:11 | Build | Palisade Wall |
| 20:13 | Queue | Skirmisher |
| 20:18 | Queue | Skirmisher |
| 20:35 | Queue | Skirmisher |
| 20:40 | Queue | Skirmisher |
| 20:46 | Queue | Villager (Male) |
| 21:01 | Queue | Skirmisher |
| 21:14 | Queue | Skirmisher |
| 21:15 | Queue | Villager (Male) |
| 21:32 | Queue | Villager (Male) |
| 21:36 | Queue | Skirmisher |
| 21:58 | Queue | Skirmisher |
| 22:03 | Queue | Villager (Male) |
| 22:04 | Queue | Skirmisher |
| 22:32 | Queue | Skirmisher |
| 22:52 | Build | Stable |
| 23:04 | Queue | Villager (Male) |
| 23:26 | Queue | Skirmisher |
| 23:31 | Build | Farm |
| 23:53 | Research | Castle Age |
| 24:51 | Queue | Skirmisher |
| 24:51 | Queue | Skirmisher |
Build order — DS_Champi WarrioR
First 150 of 222 actions detected
| 0:01 | Queue | Villager (Male) |
| 0:01 | Queue | Villager (Male) |
| 0:01 | Queue | Villager (Male) |
| 0:01 | Queue | Villager (Male) |
| 0:02 | Queue | Villager (Male) |
| 0:02 | Build | House |
| 0:03 | Build | House |
| 1:39 | Queue | Villager (Male) |
| 1:40 | Queue | Villager (Male) |
| 2:01 | Queue | Villager (Male) |
| 2:15 | Queue | Villager (Male) |
| 2:16 | Queue | Villager (Male) |
| 2:23 | Build | House |
| 2:46 | Queue | Villager (Male) |
| 2:46 | Queue | Villager (Male) |
| 3:09 | Queue | Villager (Male) |
| 3:32 | Build | Barracks |
| 3:34 | Queue | Villager (Male) |
| 3:37 | Build | Palisade Wall |
| 3:38 | Build | Palisade Wall |
| 3:56 | Queue | Villager (Male) |
| 4:15 | Build | House |
| 4:27 | Queue | Militia |
| 4:28 | Queue | Militia |
| 4:32 | Queue | Villager (Male) |
| 4:52 | Queue | Militia |
| 5:00 | Queue | Villager (Male) |
| 5:25 | Queue | Villager (Male) |
| 5:51 | Queue | Villager (Male) |
| 5:58 | Queue | Villager (Male) |
| 6:17 | Queue | Villager (Male) |
| 6:35 | Build | House |
| 6:40 | Build | Lumber Camp |
| 6:50 | Queue | Villager (Male) |
| 7:13 | Queue | Villager (Male) |
| 7:22 | Build | Mill |
| 7:45 | Research | Loom |
| 8:18 | Queue | Villager (Male) |
| 8:22 | Build | House |
| 8:42 | Build | Palisade Wall |
| 9:02 | Research | Feudal Age |
| 9:32 | Build | Mining Camp |
| 10:10 | Build | Farm |
| 10:19 | Queue | Villager (Male) |
| 10:21 | Build | House |
| 10:37 | Build | Farm |
| 10:52 | Queue | Militia |
| 10:54 | Queue | Villager (Male) |
| 11:12 | Age | Feudal Age |
| 11:14 | Research | Man-at-Arms (upgrade) |
| 11:17 | Build | Archery Range |
| 11:17 | Research | Double-Bit Axe |
| 11:17 | Research | Double-Bit Axe |
| 11:20 | Build | Palisade Wall |
| 11:34 | Build | Watch Tower |
| 11:50 | Build | Watch Tower |
| 11:53 | Queue | Villager (Male) |
| 11:56 | Build | Palisade Wall |
| 12:04 | Queue | Villager (Male) |
| 12:08 | Queue | Archer |
| 12:09 | Build | Farm |
| 12:28 | Queue | Skirmisher |
| 12:40 | Queue | Skirmisher |
| 12:49 | Queue | Villager (Male) |
| 13:15 | Queue | Villager (Male) |
| 13:17 | Build | Farm |
| 13:22 | Queue | Skirmisher |
| 13:25 | Build | House |
| 13:41 | Queue | Villager (Male) |
| 13:42 | Queue | Skirmisher |
| 13:49 | Build | Lumber Camp |
| 13:55 | Queue | Skirmisher |
| 13:57 | Queue | Villager (Male) |
| 14:16 | Queue | Villager (Male) |
| 14:22 | Queue | Skirmisher |
| 14:30 | Queue | Villager (Male) |
| 14:32 | Build | House |
| 14:44 | Queue | Skirmisher |
| 14:44 | Queue | Militia |
| 14:55 | Queue | Villager (Male) |
| 14:57 | Build | House |
| 15:07 | Queue | Villager (Male) |
| 15:10 | Build | Blacksmith |
| 15:18 | Build | Watch Tower |
| 15:26 | Queue | Skirmisher |
| 15:34 | Queue | Villager (Male) |
| 15:36 | Build | Farm |
| 15:40 | Build | Farm |
| 15:53 | Research | Fletching |
| 16:07 | Build | Farm |
| 16:08 | Build | Farm |
| 16:22 | Queue | Villager (Male) |
| 16:22 | Queue | Villager (Male) |
| 16:22 | Queue | Villager (Male) |
| 16:23 | Build | Farm |
| 16:25 | Build | Farm |
| 16:35 | Queue | Skirmisher |
| 17:00 | Queue | Villager (Male) |
| 17:10 | Queue | Archer |
| 17:12 | Build | Archery Range |
| 17:13 | Build | Farm |
| 17:15 | Build | Farm |
| 17:33 | Queue | Skirmisher |
| 17:34 | Queue | Skirmisher |
| 17:37 | Queue | Villager (Male) |
| 17:37 | Queue | Villager (Male) |
| 17:54 | Queue | Skirmisher |
| 17:57 | Queue | Militia |
| 17:59 | Build | House |
| 18:11 | Queue | Villager (Male) |
| 18:11 | Queue | Villager (Male) |
| 18:13 | Build | Farm |
| 18:15 | Build | Farm |
| 18:24 | Queue | Skirmisher |
| 18:25 | Queue | Skirmisher |
| 18:27 | Queue | Militia |
| 18:35 | Build | Farm |
| 18:35 | Build | Farm |
| 18:36 | Build | Farm |
| 18:37 | Build | Farm |
| 18:44 | Build | Watch Tower |
| 18:54 | Queue | Villager (Male) |
| 18:57 | Build | Mining Camp |
| 19:06 | Queue | Villager (Male) |
| 19:08 | Build | Farm |
| 19:26 | Queue | Skirmisher |
| 19:28 | Queue | Militia |
| 19:48 | Queue | Villager (Male) |
| 19:49 | Queue | Skirmisher |
| 19:52 | Queue | Villager (Male) |
| 19:54 | Build | Farm |
| 20:03 | Queue | Militia |
| 20:06 | Build | House |
| 20:07 | Queue | Villager (Male) |
| 20:18 | Queue | Archer |
| 20:18 | Queue | Archer |
| 20:20 | Queue | Villager (Male) |
| 20:22 | Build | Farm |
| 20:22 | Build | Farm |
| 20:28 | Queue | Skirmisher |
| 20:28 | Queue | Skirmisher |
| 20:58 | Queue | Villager (Male) |
| 20:58 | Queue | Archer |
| 21:04 | Queue | Archer |
| 21:05 | Queue | Archer |
| 21:05 | Queue | Villager (Male) |
| 21:15 | Build | Farm |
| 21:16 | Build | Farm |
| 21:21 | Queue | Villager (Male) |
| 21:24 | Build | Stable |
Match timeline
| 3:32 | DS_Champi WarrioR · first_building Barracks |
| 3:37 | DS_Champi WarrioR · wall_segment Palisade Wall x1 |
| 3:38 | DS_Champi WarrioR · wall_segment Palisade Wall x1 |
| 6:40 | [LW] Faneth · wall_segment Palisade Wall x1 |
| 6:41 | [LW] Faneth · wall_segment Palisade Wall x1 |
| 7:30 | [LW] Faneth · wall_segment Palisade Wall x1 |
| 7:32 | [LW] Faneth · wall_segment Palisade Wall x1 |
| 8:07 | [LW] Faneth · wall_segment Palisade Wall x1 |
| 8:15 | [LW] Faneth · wall_segment Palisade Wall x1 |
| 8:17 | [LW] Faneth · wall_segment Palisade Wall x1 |
| 8:23 | [LW] Faneth · wall_segment Palisade Wall x1 |
| 8:33 | [LW] Faneth · wall_segment Palisade Wall x1 |
| 8:34 | [LW] Faneth · wall_segment Palisade Wall x1 |
| 8:42 | DS_Champi WarrioR · wall_segment Palisade Wall x1 |
| 8:50 | [LW] Faneth · age_up feudal |
| 10:02 | [LW] Faneth · first_building Barracks |
| 10:15 | [LW] Faneth · wall_segment Palisade Wall x1 |
| 10:16 | [LW] Faneth · wall_segment Palisade Wall x1 |
| 10:23 | [LW] Faneth · wall_segment Palisade Wall x1 |
| 10:58 | [LW] Faneth · first_building Archery Range |
| 11:12 | DS_Champi WarrioR · age_up feudal |
| 11:17 | DS_Champi WarrioR · first_building Archery Range |
| 11:20 | DS_Champi WarrioR · wall_segment Palisade Wall x7 |
| 11:56 | DS_Champi WarrioR · wall_segment Palisade Wall x2 |
| 12:29 | [LW] Faneth · wall_segment Palisade Wall x1 |
| 12:37 | [LW] Faneth · wall_segment Palisade Wall x1 |
| 13:59 | [LW] Faneth · wall_segment Palisade Wall x1 |
| 20:11 | [LW] Faneth · wall_segment Palisade Wall x1 |
| 21:24 | DS_Champi WarrioR · first_building Stable |
| 22:52 | [LW] Faneth · first_building Stable |
| 23:40 | DS_Champi WarrioR · wall_segment Palisade Wall x1 |
| 23:41 | DS_Champi WarrioR · wall_segment Palisade Wall x1 |
| 23:42 | DS_Champi WarrioR · wall_segment Palisade Wall x1 |
| 23:51 | DS_Champi WarrioR · wall_segment Palisade Wall x1 |
| 23:53 | DS_Champi WarrioR · wall_segment Palisade Wall x1 |
| 23:55 | DS_Champi WarrioR · wall_segment Palisade Wall x1 |
| 26:33 | [LW] Faneth · age_up castle |
| 26:39 | DS_Champi WarrioR · age_up castle |
| 26:52 | DS_Champi WarrioR · first_market_sell 100 wood |
| 26:54 | DS_Champi WarrioR · first_market_buy 100 food |
| 28:42 | [LW] Faneth · resign |
[ AI ANALYSIS · 1 CREDIT ]
What really happened in this match?
Wolo.gg analyzes every decision: build order, eco, micro, common mistakes by bracket. Personalized analysis on WhatsApp or Discord in 30 seconds.
Civ guide
Mongols
Perfil
Jugador #2482098